 Dungeon Crawl Stone Soup version 0.31.0-11-ge490571c62 (webtiles) character file.

Game seed: 13513081112995414056

47 hikkokomori the Apothecary (level 3, 0/20 HPs)
             Began as a Gargoyle Alchemist on Jan 30, 2024.
             Slain by an orc
             ... wielding a +0 mace
              (4 damage)
             ... on level 2 of the Dungeon.
             The game lasted 00:02:29 (1857 turns).

hikkokomori the Apothecary (Gargoyle Alchemist)     Turns: 1857, Time: 00:02:29

Health: 0/20       AC:  5    Str: 11    XL:     3   Next: 70%
Magic:  1/6        EV: 11    Int: 17    God:
Gold:   191        SH:  0    Dex: 10    Spells: 2/6 levels left

rFire   . . .        e - +0 trident
rCold   . . .        (no shield)
rNeg    + . .        a - +0 robe
rPois   ∞            (no helmet)
rElec   +            (no cloak)
rCorr   .            (no gloves)
SInv    .            (no boots)
Will    .....        (no amulet)
Stlth   ++           (no ring)
HPRegen 0.23/turn    (no ring)
MPRegen 0.10/turn

%: no passive effects
@: very slightly contaminated
A: sickness immunity, AC +3, negative energy resistance 1, electricity
resistance, torment resistance 1, petrification resistance
a: no special abilities


You were on level 2 of the Dungeon.
You visited 1 branch of the dungeon, and saw 3 of its levels.

You collected 191 gold pieces.

Inventory:

Hand Weapons
 d - a +0 dagger
 e - a +0 trident (weapon)
 g - a +2 vampiric short sword
Armour
 a - a +0 robe (worn)
Scrolls
 c - 7 scrolls of identify
 f - a scroll of immolation {unknown}
 i - a scroll of teleportation {unknown}
 j - a scroll of enchant weapon {unknown}
 k - a scroll of fear {unknown}
Potions
 b - a potion of magic
 h - a potion of heal wounds
 l - a potion of degeneration {unknown}


   Skills:
 - Level 1.3 Fighting
 - Level 1.5 Dodging
 - Level 2.1 Stealth
 - Level 2.4 Spellcasting
 + Level 2.1 Conjurations
 + Level 0.2 Air Magic
 + Level 2.8 Alchemy


You had 2 spell levels left.
You knew the following spells:

 Your Spells              Type           Power      Damage    Failure   Level
a - Sting                 Conj/Alch      40%        1d5       7%          1
b - Mephitic Cloud        Conj/Alch/Air  7%         N/A       26%         3

Your spell library contained the following spells:

 Spells                   Type           Power      Damage    Failure   Level
 Kiss of Death            Conj/Necr      20%        2d7       12%         1
 Mercury Vapours          Alch/Air       14%        N/A       16%         2
 Confusing Touch          Hex            2%         N/A       50%         3
 Olgreb's Toxic Radiance  Alch           11%        N/A       50%         4
 Sticky Flame             Fire/Alch      6%         2d4       71%         4
 Dispel Undead            Necr           2%         3d7       88%         4


Dungeon Overview and Level Annotations

Branches:
Dungeon (3/15)

Altars:

Shops:
D:1 !


Innate Abilities, Weirdness & Mutations

You are immune to sickness and miasma.
Your stone body is resilient. (AC +3)
You are immune to poison.
You resist negative energy. (rN+)
You are resistant to electric shocks. (rElec)
You are resistant to unholy torment.
You are immune to petrification.


Message History

You closely miss the orc. The orc hits you with a +0 mace.
The orc closely misses you. The orc misses you.
The orc hits you but does no damage.
Casting: Sting (safe; 7% risk of failure)
Confirm with . or Enter, or press ? or * to list all spells.
Aiming: Sting (safe; 7% risk of failure)
Press: ? - help, Shift-Dir - straight line, f - orc
Aim: an orc, wielding a +0 club (71% to hit)
You miscast Sting.
You are very lightly contaminated with residual magic.
Nothing appears to happen.
The orc hits you with a +0 mace. The orc hits you with a +0 club.
* * * LOW HITPOINT WARNING * * *
Unknown command.
Casting: Sting (safe; 7% risk of failure)
Confirm with . or Enter, or press ? or * to list all spells.
Aiming: Sting (safe; 7% risk of failure)
Press: ? - help, Shift-Dir - straight line, f/p - orc
Aim: an orc, wielding a +0 club (71% to hit)
The sting hits the orc.
The orc is poisoned.
The orc is moderately wounded.
The orc barely misses you. The orc hits you with a +0 club.
* * * LOW HITPOINT WARNING * * *
Unknown command.
Unknown command.
You hit the orc.
The orc is severely wounded.
You kill the orc!
The orc hits you with a +0 mace.
* * * LOW HITPOINT WARNING * * *
Unknown command.
Casting: Sting (safe; 7% risk of failure)
Confirm with . or Enter, or press ? or * to list all spells.
Aiming: Mephitic Cloud (extremely dangerous; 26% risk of failure)
Press: ? - help, Shift-Dir - straight line, f - orc
Aim: an orc, wielding a +0 mace and wearing a +0 leather armour (chance to affect: 96%)
The ball explodes into a vile cloud!
The stinking cloud engulfs the orc.
The stinking cloud engulfs you.
The orc is engulfed in noxious fumes.
The orc appears confused.
The orc hits you with a +0 mace.
You die...

#.#...# ###..## # #######.#...#
#.....# # #...........#
#.###.##### #.###.#.##..#
#######.# #......
#.##.#..##..###.......###.#####
#.#.###.....<...#####.....#
#..## ##.#...#### ####### ###
#.## ##..#.############# #..
#..## ##.###.)@o§........# #.#
#.#.###.## #############.# #.#
#.##.#.## #.# #.# #.##...# #.#
#.# ##.##.#.#### #.# #.#
#.....#)...# #.# #.#
#.#.####...# #.# #.#
#.....#....# #.# #..
#####.#.#.## ######### #># ###


You could see an orc (confused).

Vanquished Creatures
  An adder (D:2)
  2 dart slugs
  3 orcs
  3 ball pythons
  2 bats (D:2)
  An endoplasm (D:1)
  A giant cockroach (D:2)
  2 hobgoblins
  4 jackals (D:1)
  3 frilled lizards (D:1)
  3 goblins (D:1)
  2 kobolds (D:1)
  2 rats (D:1)
29 creatures vanquished.

Notes
Turn   | Place    | Note
-------+----------+-------------------------------------------
     0 | D:1      | hikkokomori the Gargoyle Alchemist began the quest for the
                  | Orb.
     0 | D:1      | Reached XP level 1. HP: 10/10 MP: 3/3
     0 | D:1      | Noticed a large abomination
     0 | D:1      | Noticed a large abomination
     1 | D:1      | Noticed a large abomination
     3 | D:1      | Noticed a large abomination
     5 | D:1      | Noticed a large abomination
     6 | D:1      | Noticed a large abomination
     9 | D:1      | Noticed a large abomination
    10 | D:1      | Noticed a large abomination
    11 | D:1      | Noticed a large abomination
    13 | D:1      | Noticed a large abomination
    15 | D:1      | Noticed a large abomination
    15 | D:1      | Noticed a large abomination
    17 | D:1      | Noticed a large abomination
    17 | D:1      | Noticed a large abomination
    19 | D:1      | Noticed a large abomination
    19 | D:1      | Noticed a large abomination
    21 | D:1      | Noticed a large abomination
    21 | D:1      | Noticed a small abomination
    23 | D:1      | Noticed a large abomination
   165 | D:1      | Reached XP level 2. HP: 14/16 MP: 0/5
   298 | D:1      | Found Loxuatam's Distillery.
   483 | D:1      | Reached skill level 1 in Fighting
  1019 | D:2      | Reached XP level 3. HP: 20/20 MP: 2/6
  1322 | D:2      | Learned a level 3 spell: Mephitic Cloud
  1857 | D:2      | Slain by an orc

Illustrated notes

Levels and vault maps discovered:
D:1:      shiori_arrival_whats_in_store_for_you, layout_basic, serial_shops,
          nicolae_shop_window_shopping
D:2:      layout_loops_ring
D:3:      layout_basic, nicolae_hexahallways, kennysheep_generic_room_2

Skill      XL: |  1  2  3 |
---------------+----------+-----
Fighting       | 1 |  1.3
Conjurations   | 2 |  2.1
Dodging        | |  1.5
Stealth        | |  2.1
Spellcasting   | |  2.4
Air Magic      | |  0.2
Alchemy        | |  2.8

Action                     || total
---------------------------++-------
  Melee: Unarmed           ||    26
         Trident           ||     7
   Cast: Sting             ||    49
         Mephitic Cloud    ||     1
    Use: Potion            ||     1
         Scroll            ||     1
   Stab: Sleeping          ||     2
 Armour: Robe              ||    33
  Dodge: Dodged            ||    27
